Bulldogs vs Rivermen

Created - Thursday, March 12, 2015 at 01:15

Goals
1 2 3 T
Bulldogs 1 3 2 6
Rivermen 0 1 0 1
Shots
1 2 3 T
Bulldogs 7 12 4 23
Rivermen 5 16 4 25

1st period

1. Bulldogs , Steven Kampfer 2 (Nathan Horton, Patrick Dwyer) at 9:39 (PP)

Penalties :
J.T. Brown (Peo) for Roughing (Minor) at 8:30, Tomas Jurco (Ham) for Interference (Minor) at 12:47

2nd period

2. Bulldogs , Tim Kennedy 13 (Derek Smith, B.J. Crombeen) at 1:43
3. Bulldogs , Trevor Smith 23 (Ryan Carter) at 5:15
4. Rivermen , Mark Stone 32 (Joe Whitney, Zack Phillips) at 10:40 (PP)
5. Bulldogs , Derek Smith 3 (Patrick Dwyer) at 16:31

Penalties :
Jeremy Morin (Peo) for High sticking (Minor) at 1:46, Brandon Yip (Ham) for Charging (Minor) at 10:35

3rd period

6. Bulldogs , Patrick Dwyer 24 (Ryan Whitney) at 11:38
7. Bulldogs , B.J. Crombeen 22 (Tomas Jurco, Reece Scarlett) at 14:54 (PP)

Penalties :
Ryan Whitney (Ham) for Hooking (Minor) at 0:47, Cody Goloubef (Peo) for Holding (Minor) at 4:29, Cody Goloubef (Peo) for Hooking (Minor) at 13:41

Goalie Stats

Eric Hartzell (Ham), 24 saves from 25 shots - (0.960), W, 35-9-7, 60:00 minutes
Tyler Bunz (Peo), 15 saves from 19 shots - (0.789), L, 6-23-1, 36:31 minutes
Jared Coreau (Peo), 2 saves from 4 shots - (0.500), 23:29 minutes

Players Stats for Bulldogs

Player Name              G  A  P  +/- PIM S  H  SB GA TA FO     MP     PP MP  PK MP  
------------------------------------------------------------------------------------
Andrew Bodnarchuk        0  0  0   0  0   0  0  0  0  0  0/0     1:57   0:30   0:00 
B.J. Crombeen            1  1  2   2  0   1  1  0  0  0  0/1    20:33   2:55   1:06 
Brandon Yip              0  0  0   1  2   0  1  0  0  0  0/0    14:20   0:00   0:00 
Derek Smith              1  1  2   3  0   2  1  0  0  1  0/0    17:57   0:00   1:59 
Jean-Francois Jacques    0  0  0   0  0   0  1  0  0  1  0/0     9:21   0:09   0:00 
Jordan Leopold           0  0  0   1  0   1  0  1  5  3  0/0    25:42   3:00   2:03 
Mark Olver               0  0  0   2  0   2  1  0  1  1  8/14   15:01   3:25   0:00 
Matt Hunwick             0  0  0   0  0   0  0  0  0  2  0/0    13:05   1:05   0:49 
Nathan Horton            0  1  1   1  0   0  0  1  2  0  0/6    22:24   3:16   2:24 
Patrick Dwyer            1  2  3   2  0   4  0  1  0  0  0/0    18:01   3:25   2:57 
Patrick Kaleta           0  0  0   0  0   0  0  1  0  0  0/1     8:58   0:00   1:10 
Reece Scarlett           0  1  1   3  0   1  0  1  0  1  0/0    16:05   1:45   0:00 
Ryan Carter              0  1  1   1  0   2  1  1  1  0  1/1    14:50   0:00   0:29 
Ryan Whitney             0  1  1   1  2   1  3  2  1  3  0/0    23:38   3:00   1:15 
Steven Kampfer           1  0  1   0  0   1  0  1  1  4  0/0    21:36   3:20   2:00 
Tim Kennedy              1  0  1   1  0   1  3  0  1  2  7/11   18:43   2:55   0:00 
Tomas Jurco              0  1  1   1  2   5  4  1  2  0  1/1    19:17   2:55   0:00 
Trevor Smith             1  0  1   1  0   2  0  0  2  0  4/7    14:21   0:00   0:00 

Players Stats for Rivermen

Player Name              G  A  P  +/- PIM S  H  SB GA TA FO     MP     PP MP  PK MP  
------------------------------------------------------------------------------------
Brian Gibbons            0  0  0   0  0   2  3  0  3  0  6/12   14:37   1:51   0:44 
Brian O'Neill            0  0  0  -1  0   2  0  1  1  0  0/0    14:40   0:00   0:00 
Cody Goloubef            0  0  0  -2  4   1  0  1  0  0  0/0    19:47   2:04   1:51 
Colton Sissons           0  0  0  -1  0   1  2  0  3  0  1/2     9:24   0:00   0:23 
Evan Rankin              0  0  0  -1  0   0  1  1  0  0  0/0     8:24   0:00   0:00 
J.T. Brown               0  0  0  -1  2   0  1  0  2  0  0/3    21:52   1:24   3:25 
Jeremy Morin             0  0  0  -1  2   2  2  0  2  1  2/4    15:49   0:00   1:48 
Joakim Nordstrom         0  0  0  -1  0   1  1  0  0  1  3/7    13:50   0:27   0:00 
Joe Piskula              0  0  0   0  0   0  0  0  0  0  0/0    13:38   0:00   0:00 
Joe Whitney              0  1  1  -2  0   3  1  0  2  1  2/3    19:09   2:12   0:10 
John Lee                 0  0  0   0  0   1  2  1  0  1  0/0    14:42   0:00   1:04 
Mark Stone               1  0  1  -2  0   5  0  1  4  1  0/0    19:02   2:12   0:44 
Maxime Fortunus          0  0  0  -2  0   3  1  0  0  0  0/0    20:50   2:04   2:55 
Rob Davison              0  0  0  -2  0   0  2  0  0  2  0/0    21:02   1:59   3:25 
Ryan Reaves              0  0  0   0  0   2  4  1  3  1  0/0    18:53   1:51   5:26 
Ryan Sproul              0  0  0  -2  0   1  2  3  0  2  0/0    25:31   1:59   3:25 
Zach Miskovic            0  0  0   0  0   0  0  1  0  0  0/0     4:29   0:00   0:00 
Zack Phillips            0  1  1  -2  0   1  3  1  1  1  7/11   17:52   2:12   0:00 

3 Stars

1 - Patrick Dwyer (Ham)
2 - Derek Smith (Ham)
3 - B.J. Crombeen (Ham)

Power Play

Bulldogs - 2 on 4 Attempt(s) - 50.00%
Rivermen - 1 on 3 Attempt(s) - 33.33%

Penalty Kill

Bulldogs - 2 on 3 Attempt(s) - 66.67% - Score 0 goal in Penalty Kill
Rivermen - 2 on 4 Attempt(s) - 50.00% - Score 0 goal in Penalty Kill

Team Stat

Bulldogs - Hits : 16 - Faceoff Wins : 21 - Blocked Shots : 10 - Penalty Minutes : 6
Rivermen - Hits : 25 - Faceoff Wins : 21 - Blocked Shots : 11 - Penalty Minutes : 8

Official

Referees : Unknown
Linesman : Unknown

Game Notes

Jared Coreau enters game at 16:31 of 2nd period
Matt Hunwick is injured at 19:06 of 2nd period (Torso)

Finance

Level 1 -- Attendance: 1648 (82.40%) -- Ticket Income $46,144
Level 2 -- Attendance: 784 (78.40%) -- Ticket Income $7,840
Total Attendance: 2432 (81.07%)
Total Ticket Income: $53,984
Other Income: $26,452
Total Income: $80,436

Bulldogs

5 vs 5 Forward 
   Center                   Left Wing                Right Wing               Time % Phy DF OF 
 1 Mark Olver               Patrick Dwyer            Nathan Horton            35     1   2  2  
 2 Tim Kennedy              B.J. Crombeen            Tomas Jurco              30     1   2  2  
 3 Trevor Smith             Ryan Carter              Brandon Yip              22     1   2  2  
 4 Nathan Horton            Jean-Francois Jacques    Patrick Kaleta           13     1   2  2  

5 vs 5 Defense 
   Defense                  Defense                                           Time % Phy DF OF 
 1 Jordan Leopold           Ryan Whitney                                      35     1   2  2  
 2 Matt Hunwick             Steven Kampfer                                    30     1   2  2  
 3 Reece Scarlett           Derek Smith                                       22     1   2  2  
 4 Jordan Leopold           Ryan Whitney                                      13     1   2  2  

PowerPlay Forward 
   Center                   Left Wing                Right Wing               Time % Phy DF OF 
 1 Mark Olver               Patrick Dwyer            Nathan Horton            60     1   2  2  
 2 Tim Kennedy              B.J. Crombeen            Tomas Jurco              40     1   2  2  

PowerPlay Defense
   Defense                  Defense                                           Time % Phy DF OF 
 1 Jordan Leopold           Ryan Whitney                                      60     1   2  2  
 2 Matt Hunwick             Steven Kampfer                                    40     1   2  2  

Penalty Kill 4 Players Forward 
   Center                   Wing                     Time % Phy DF OF 
 1 Nathan Horton            Patrick Dwyer            60     1   2  2  
 2 B.J. Crombeen            Ryan Carter              40     1   2  2  

Penalty Kill 4 Players Defense
   Defense                  Defense                  Time % Phy DF OF 
 1 Jordan Leopold           Ryan Whitney             60     1   2  2  
 2 Matt Hunwick             Steven Kampfer           40     1   2  2  

Penalty Kill - 3 Players Forward 
   Forward                                           Time % Phy DF OF 
 1 Nathan Horton                                     60     1   2  2  
 2 Patrick Dwyer                                     40     1   2  2  

Penalty Kill - 3 Players Defense
   Defense                  Defense                  Time % Phy DF OF 
 1 Jordan Leopold           Ryan Whitney             60     1   2  2  
 2 Matt Hunwick             Steven Kampfer           40     1   2  2  

4 vs 4 Forward 
   Center                   Wing                     Time % Phy DF OF 
 1 Nathan Horton            Patrick Dwyer            60     1   2  2  
 2 B.J. Crombeen            Ryan Carter              40     1   2  2  

4 vs 4 Defense
   Defense                  Defense                  Time % Phy DF OF 
 1 Jordan Leopold           Ryan Whitney             60     1   2  2  
 2 Matt Hunwick             Steven Kampfer           40     1   2  2  

Last Minutes Offensive
   Center                   Left Wing                Right Wing               Defense                  Defense                  
   Mark Olver               Patrick Dwyer            Nathan Horton            Jordan Leopold           Ryan Whitney             

Last Minutes Defensive
   Center                   Left Wing                Right Wing               Defense                  Defense                  
   Mark Olver               Patrick Dwyer            Nathan Horton            Jordan Leopold           Ryan Whitney             

Goaltenders
Starting : Eric Hartzell            
Backup : Farm Player84            

Extra Forwards
Normal : Jean-Francois Jacques, Brandon Yip, Patrick Kaleta - PP : Jean-Francois Jacques, Brandon Yip - PK : Patrick Kaleta
Extra Defensemen
Normal : Reece Scarlett, Derek Smith, Matt Hunwick - PP : Reece Scarlett - PK : Derek Smith, Matt Hunwick
Penalty Shots
Nathan Horton, Patrick Dwyer, B.J. Crombeen, Ryan Carter, Tomas Jurco

Rivermen

5 vs 5 Forward 
   Center                   Left Wing                Right Wing               Time % Phy DF OF 
 1 Brian Gibbons            J.T. Brown               Ryan Reaves              35     1   2  2  
 2 Zack Phillips            Joe Whitney              Mark Stone               30     1   2  2  
 3 Joakim Nordstrom         Jeremy Morin             Brian O'Neill            22     1   2  2  
 4 Colton Sissons           J.T. Brown               Evan Rankin              13     1   2  2  

5 vs 5 Defense 
   Defense                  Defense                                           Time % Phy DF OF 
 1 Ryan Sproul              Rob Davison                                       35     1   2  2  
 2 Maxime Fortunus          Cody Goloubef                                     30     1   2  2  
 3 Joe Piskula              John Lee                                          22     1   2  2  
 4 Zach Miskovic            Ryan Sproul                                       13     1   2  2  

PowerPlay Forward 
   Center                   Left Wing                Right Wing               Time % Phy DF OF 
 1 Brian Gibbons            J.T. Brown               Ryan Reaves              60     1   2  2  
 2 Zack Phillips            Joe Whitney              Mark Stone               40     1   2  2  

PowerPlay Defense
   Defense                  Defense                                           Time % Phy DF OF 
 1 Ryan Sproul              Rob Davison                                       60     1   2  2  
 2 Maxime Fortunus          Cody Goloubef                                     40     1   2  2  

Penalty Kill 4 Players Forward 
   Center                   Wing                     Time % Phy DF OF 
 1 J.T. Brown               Ryan Reaves              60     1   2  2  
 2 Mark Stone               Brian Gibbons            40     1   2  2  

Penalty Kill 4 Players Defense
   Defense                  Defense                  Time % Phy DF OF 
 1 Ryan Sproul              Rob Davison              60     1   2  2  
 2 Maxime Fortunus          Cody Goloubef            40     1   2  2  

Penalty Kill - 3 Players Forward 
   Forward                                           Time % Phy DF OF 
 1 J.T. Brown                                        60     1   2  2  
 2 Ryan Reaves                                       40     1   2  2  

Penalty Kill - 3 Players Defense
   Defense                  Defense                  Time % Phy DF OF 
 1 Ryan Sproul              Rob Davison              60     1   2  2  
 2 Maxime Fortunus          Cody Goloubef            40     1   2  2  

4 vs 4 Forward 
   Center                   Wing                     Time % Phy DF OF 
 1 J.T. Brown               Ryan Reaves              60     1   2  2  
 2 Mark Stone               Brian Gibbons            40     1   2  2  

4 vs 4 Defense
   Defense                  Defense                  Time % Phy DF OF 
 1 Ryan Sproul              Rob Davison              60     1   2  2  
 2 Maxime Fortunus          Cody Goloubef            40     1   2  2  

Last Minutes Offensive
   Center                   Left Wing                Right Wing               Defense                  Defense                  
   Brian Gibbons            J.T. Brown               Ryan Reaves              Ryan Sproul              Rob Davison              

Last Minutes Defensive
   Center                   Left Wing                Right Wing               Defense                  Defense                  
   Brian Gibbons            J.T. Brown               Ryan Reaves              Ryan Sproul              Rob Davison              

Goaltenders
Starting : Tyler Bunz               
Backup : Jared Coreau             

Extra Forwards
Normal : Joakim Nordstrom, Brian O'Neill, Jeremy Morin - PP : Joakim Nordstrom, Brian O'Neill - PK : Jeremy Morin
Extra Defensemen
Normal : Joe Piskula, John Lee, Zach Miskovic - PP : Joe Piskula - PK : John Lee, Zach Miskovic
Penalty Shots
J.T. Brown, Ryan Reaves, Mark Stone, Brian Gibbons, Zack Phillips

% Time on Ice - Bulldogs

Lines # - Real PCT - Wanted PCT - Time Play
Normal Forward
1 - 25% - 35% - 12:15
2 - 32% - 30% - 15:48
3 - 29% - 22% - 14:21
4 - 15% - 13% - 7:13
Normal Defense
1 - 34% - 35% - 16:56
2 - 33% - 30% - 16:17
3 - 26% - 22% - 12:41
4 - 7% - 13% - 3:43
PP Forward
1 - 54% - 60% - 3:25
2 - 46% - 40% - 2:55
PP Defense
1 - 47% - 60% - 3:00
2 - 53% - 40% - 3:20
PK Forward
1 - 88% - 60% - 3:34
2 - 12% - 40% - 0:29
PK Defense
1 - 51% - 60% - 2:03
2 - 49% - 40% - 2:00
PK3 Forward
1 - 0% - 60%
2 - 0% - 40%
PK3 Defense
1 - 0% - 60%
2 - 0% - 40%
44 Forward
1 - 0% - 60%
2 - 0% - 40%
44 Defense
1 - 0% - 60%
2 - 0% - 40%
Last Minute Offensive  - 0:00
Last Minute Defensive  - 0:00
Total
Forward - 60:00
Defense - 60:00

% Time on Ice - Rivermen

Lines # - Real PCT - Wanted PCT - Time Play
Normal Forward
1 - 25% - 35% - 12:13
2 - 32% - 30% - 16:06
3 - 26% - 22% - 12:54
4 - 17% - 13% - 8:24
Normal Defense
1 - 32% - 35% - 15:38
2 - 32% - 30% - 15:52
3 - 27% - 22% - 13:38
4 - 9% - 13% - 4:29
PP Forward
1 - 46% - 60% - 1:51
2 - 54% - 40% - 2:12
PP Defense
1 - 49% - 60% - 1:59
2 - 51% - 40% - 2:04
PK Forward
1 - 88% - 60% - 5:36
2 - 12% - 40% - 0:44
PK Defense
1 - 54% - 60% - 3:25
2 - 46% - 40% - 2:55
PK3 Forward
1 - 0% - 60%
2 - 0% - 40%
PK3 Defense
1 - 0% - 60%
2 - 0% - 40%
44 Forward
1 - 0% - 60%
2 - 0% - 40%
44 Defense
1 - 0% - 60%
2 - 0% - 40%
Last Minute Offensive  - 0:00
Last Minute Defensive  - 0:00
Total
Forward - 60:00
Defense - 60:00

Play by Play

1st period


0:01 of 1st period - Mark Olver wins face-off versus Brian Gibbons in neutral zone.
0:08 of 1st period - Snap shot by Patrick Dwyer.
0:08 of 1st period - Stopped by Tyler Bunz with a rebound.
0:54 of 1st period - Tim Kennedy is hit by Ryan Sproul.
0:59 of 1st period - Off-side.
1:00 of 1st period - Zack Phillips wins face-off versus Tim Kennedy in neutral zone.
1:07 of 1st period - Wrist shot by Joe Whitney.
1:07 of 1st period - Shot Blocked by Steven Kampfer.
3:13 of 1st period - B.J. Crombeen is hit by J.T. Brown.
3:32 of 1st period - Icing by John Lee.
3:33 of 1st period - Trevor Smith wins face-off versus Colton Sissons in Rivermen zone.
3:40 of 1st period - Slapshot by Ryan Carter.
3:40 of 1st period - Shot Blocked by Evan Rankin.
3:52 of 1st period - Snap shot by Trevor Smith.
3:52 of 1st period - Shot Blocked by Ryan Sproul.
4:24 of 1st period - Jordan Leopold is hit by Ryan Sproul and loses puck.
5:00 of 1st period - Snap shot by Joe Whitney.
5:00 of 1st period - Shot Misses the Net.
5:02 of 1st period - Wrist shot by Zack Phillips.
5:02 of 1st period - Stopped by Eric Hartzell with a rebound.
5:04 of 1st period - Slapshot by Maxime Fortunus.
5:04 of 1st period - Deflect By Jordan Leopold.
5:04 of 1st period - Stopped by Eric Hartzell with a rebound.
5:06 of 1st period - Snap shot by Maxime Fortunus.
5:06 of 1st period - Stopped by Eric Hartzell with a rebound.
5:16 of 1st period - Jordan Leopold is hit by Ryan Reaves and loses puck.
6:31 of 1st period - Ryan Carter is hit by John Lee and loses puck.
6:38 of 1st period - Snap shot by Joe Whitney.
6:38 of 1st period - Shot Misses the Net.
7:12 of 1st period - Icing by Brian Gibbons.
7:13 of 1st period - Trevor Smith wins face-off versus Brian Gibbons in Rivermen zone.
7:54 of 1st period - Steven Kampfer is hit by Joe Whitney and loses puck.
8:30 of 1st period - Minor Penalty to J.T. Brown for Roughing.
8:31 of 1st period - Jeremy Morin wins face-off versus Tim Kennedy in Rivermen zone.
8:37 of 1st period - Icing by Ryan Whitney.
8:38 of 1st period - Jeremy Morin wins face-off versus Tim Kennedy in Bulldogs zone.
9:01 of 1st period - Slapshot by Tomas Jurco.
9:01 of 1st period - Shot Misses the Net.
9:27 of 1st period - Slapshot by Nathan Horton.
9:27 of 1st period - Deflect By Patrick Dwyer.
9:27 of 1st period - Stopped by Tyler Bunz without a rebound.
9:28 of 1st period - Mark Olver wins face-off versus Jeremy Morin in Rivermen zone.
9:37 of 1st period - Slapshot by Nathan Horton.
9:37 of 1st period - Shot Misses the Net.
9:39 of 1st period - Wrist shot by Steven Kampfer.
9:39 of 1st period - Goal by Steven Kampfer - Bulldogs : 1 - Rivermen : 0.
9:40 of 1st period - Tim Kennedy wins face-off versus Zack Phillips in neutral zone.
9:55 of 1st period - Snap shot by Tomas Jurco.
9:55 of 1st period - Stopped by Tyler Bunz with a rebound.
10:03 of 1st period - Jordan Leopold is hit by Rob Davison and loses puck.
12:02 of 1st period - Wrist shot by Nathan Horton.
12:02 of 1st period - Shot Misses the Net.
12:30 of 1st period - Wrist shot by Jeremy Morin.
12:30 of 1st period - Stopped by Eric Hartzell with a rebound.
12:32 of 1st period - Snap shot by Brian O'Neill.
12:32 of 1st period - Stopped by Eric Hartzell with a rebound.
12:34 of 1st period - Slapshot by Cody Goloubef.
12:34 of 1st period - Shot Blocked by Tomas Jurco.
12:47 of 1st period - Minor Penalty to Tomas Jurco for Interference.
12:48 of 1st period - Zack Phillips wins face-off versus Nathan Horton in Bulldogs zone.
13:45 of 1st period - Off-side.
13:46 of 1st period - Brian Gibbons wins face-off versus Patrick Kaleta in neutral zone.
14:36 of 1st period - Snap shot by Ryan Carter.
14:36 of 1st period - Stopped by Tyler Bunz with a rebound.
14:40 of 1st period - Snap shot by Ryan Carter.
14:40 of 1st period - Shot Misses the Net.
14:42 of 1st period - Snap shot by Steven Kampfer.
14:42 of 1st period - Shot Blocked by Ryan Reaves.
14:47 of 1st period - Penalty to Tomas Jurco is over, Tomas Jurco is back on ice.
16:12 of 1st period - Colton Sissons is hit by Tomas Jurco and loses puck.
16:37 of 1st period - Backhand shot by Jordan Leopold.
16:37 of 1st period - Stopped by Tyler Bunz without a rebound.
16:38 of 1st period - Joakim Nordstrom wins face-off versus Nathan Horton in Rivermen zone.
17:19 of 1st period - Brian Gibbons is hit by Tomas Jurco and loses puck.
18:02 of 1st period - Ryan Carter is hit by Evan Rankin and loses puck.
18:14 of 1st period - Icing by Reece Scarlett.
18:15 of 1st period - Colton Sissons wins face-off versus Trevor Smith in Bulldogs zone.
18:16 of 1st period - Wrist shot by J.T. Brown.
18:16 of 1st period - Shot Misses the Net.
18:40 of 1st period - Snap shot by Derek Smith.
18:40 of 1st period - Shot Misses the Net.
19:46 of 1st period - Backhand shot by Patrick Dwyer.
19:46 of 1st period - Stopped by Tyler Bunz with a rebound.
Goals for this period are 1 for Bulldogs vs 0 for Rivermen.
Shots for this period are 7 for Bulldogs vs 5 for Rivermen.

2nd period


0:01 of 2nd period - Mark Olver wins face-off versus Brian Gibbons in neutral zone.
0:12 of 2nd period - Snap shot by Ryan Reaves.
0:12 of 2nd period - Stopped by Eric Hartzell with a rebound.
0:14 of 2nd period - Slapshot by Ryan Sproul.
0:14 of 2nd period - Deflect By Ryan Reaves.
0:14 of 2nd period - Stopped by Eric Hartzell without a rebound.
0:15 of 2nd period - Brian Gibbons wins face-off versus Mark Olver in Bulldogs zone.
0:16 of 2nd period - Snap shot by J.T. Brown.
0:16 of 2nd period - Shot Blocked by Patrick Dwyer.
0:18 of 2nd period - Wrist shot by Ryan Sproul.
0:18 of 2nd period - Stopped by Eric Hartzell without a rebound.
0:19 of 2nd period - Brian Gibbons wins face-off versus Mark Olver in Bulldogs zone.
0:24 of 2nd period - Snap shot by Brian Gibbons.
0:24 of 2nd period - Shot Blocked by Ryan Whitney.
0:48 of 2nd period - Slapshot by Jordan Leopold.
0:48 of 2nd period - Shot Misses the Net.
1:37 of 2nd period - Snap shot by Tomas Jurco.
1:37 of 2nd period - Shot Misses the Net.
1:39 of 2nd period - Snap shot by B.J. Crombeen.
1:39 of 2nd period - Shot Blocked by Mark Stone.
1:41 of 2nd period - Wrist shot by Derek Smith.
1:41 of 2nd period - Stopped by Tyler Bunz with a rebound.
1:43 of 2nd period - Snap shot by Tim Kennedy.
1:43 of 2nd period - Goal by Tim Kennedy - Bulldogs : 2 - Rivermen : 0.
1:44 of 2nd period - Joakim Nordstrom wins face-off versus Trevor Smith in neutral zone.
1:46 of 2nd period - Minor Penalty to Jeremy Morin for High sticking.
1:47 of 2nd period - Mark Olver wins face-off versus J.T. Brown in Rivermen zone.
2:03 of 2nd period - Slapshot by Nathan Horton.
2:03 of 2nd period - Shot Blocked by Cody Goloubef.
2:05 of 2nd period - Snap shot by Jordan Leopold.
2:05 of 2nd period - Shot Misses the Net.
2:39 of 2nd period - Jordan Leopold is hit by Ryan Reaves and loses puck.
2:52 of 2nd period - J.T. Brown is hit by B.J. Crombeen and loses puck.
3:05 of 2nd period - Snap shot by Tomas Jurco.
3:05 of 2nd period - Stopped by Tyler Bunz with a rebound.
3:46 of 2nd period - Penalty to Jeremy Morin is over, Jeremy Morin is back on ice.
4:35 of 2nd period - Wrist shot by Joakim Nordstrom.
4:35 of 2nd period - Stopped by Eric Hartzell with a rebound.
4:37 of 2nd period - Snap shot by Brian O'Neill.
4:37 of 2nd period - Stopped by Eric Hartzell without a rebound.
4:38 of 2nd period - Trevor Smith wins face-off versus Joakim Nordstrom in Bulldogs zone.
4:55 of 2nd period - Snap shot by Jeremy Morin.
4:55 of 2nd period - Shot Misses the Net.
5:15 of 2nd period - Snap shot by Trevor Smith.
5:15 of 2nd period - Goal by Trevor Smith - Bulldogs : 3 - Rivermen : 0.
5:16 of 2nd period - Mark Olver wins face-off versus Zack Phillips in neutral zone.
5:25 of 2nd period - Patrick Dwyer is hit by Zack Phillips and loses puck.
6:10 of 2nd period - Ryan Carter is hit by Ryan Reaves and loses puck.
7:31 of 2nd period - Joe Whitney is hit by Tim Kennedy and loses puck.
7:36 of 2nd period - Snap shot by Tim Kennedy.
7:36 of 2nd period - Shot Blocked by Zack Phillips.
7:38 of 2nd period - Slapshot by Reece Scarlett.
7:38 of 2nd period - Stopped by Tyler Bunz without a rebound.
7:39 of 2nd period - Tim Kennedy wins face-off versus Zack Phillips in Rivermen zone.
8:18 of 2nd period - Snap shot by Colton Sissons.
8:18 of 2nd period - Stopped by Eric Hartzell without a rebound.
8:19 of 2nd period - Trevor Smith wins face-off versus Joakim Nordstrom in Bulldogs zone.
8:32 of 2nd period - Wrist shot by Trevor Smith.
8:32 of 2nd period - Stopped by Tyler Bunz with a rebound.
8:34 of 2nd period - Slapshot by Jordan Leopold.
8:34 of 2nd period - Shot Blocked by Brian O'Neill.
8:36 of 2nd period - Wrist shot by Ryan Whitney.
8:36 of 2nd period - Stopped by Tyler Bunz with a rebound.
8:40 of 2nd period - Wrist shot by Ryan Carter.
8:40 of 2nd period - Deflect By Brian O'Neill.
8:40 of 2nd period - Stopped by Tyler Bunz with a rebound.
8:42 of 2nd period - Slapshot by Brandon Yip.
8:42 of 2nd period - Shot Blocked by John Lee.
9:10 of 2nd period - Brian O'Neill is hit by Mark Olver and loses puck.
9:38 of 2nd period - Backhand shot by Tomas Jurco.
9:38 of 2nd period - Shot Misses the Net.
9:40 of 2nd period - Snap shot by Matt Hunwick.
9:40 of 2nd period - Shot Hit the Post.
9:42 of 2nd period - Snap shot by Tomas Jurco.
9:42 of 2nd period - Stopped by Tyler Bunz without a rebound.
9:43 of 2nd period - Tim Kennedy wins face-off versus Brian Gibbons in Rivermen zone.
9:46 of 2nd period - Slapshot by Tomas Jurco.
9:46 of 2nd period - Stopped by Tyler Bunz with a rebound.
10:28 of 2nd period - Wrist shot by Mark Stone.
10:28 of 2nd period - Shot Blocked by Reece Scarlett.
10:30 of 2nd period - Slapshot by Cody Goloubef.
10:30 of 2nd period - Stopped by Eric Hartzell with a rebound.
10:35 of 2nd period - Minor Penalty to Brandon Yip for Charging.
10:36 of 2nd period - Zack Phillips wins face-off versus Nathan Horton in Bulldogs zone.
10:40 of 2nd period - Backhand shot by Mark Stone.
10:40 of 2nd period - Goal by Mark Stone - Bulldogs : 3 - Rivermen : 1.
10:41 of 2nd period - Zack Phillips wins face-off versus Mark Olver in neutral zone.
10:50 of 2nd period - Wrist shot by Joe Whitney.
10:50 of 2nd period - Stopped by Eric Hartzell without a rebound.
10:51 of 2nd period - Joe Whitney wins face-off versus Mark Olver in Bulldogs zone.
11:04 of 2nd period - Slapshot by Joe Whitney.
11:04 of 2nd period - Deflect By Mark Stone.
11:04 of 2nd period - Stopped by Eric Hartzell with a rebound.
11:41 of 2nd period - J.T. Brown is hit by Tim Kennedy.
12:07 of 2nd period - Matt Hunwick is hit by Rob Davison and loses puck.
13:12 of 2nd period - Wrist shot by Colton Sissons.
13:12 of 2nd period - Shot Misses the Net.
13:38 of 2nd period - Wrist shot by Mark Stone.
13:38 of 2nd period - Stopped by Eric Hartzell with a rebound.
13:40 of 2nd period - Slapshot by John Lee.
13:40 of 2nd period - Stopped by Eric Hartzell with a rebound.
13:42 of 2nd period - Snap shot by Mark Stone.
13:42 of 2nd period - Stopped by Eric Hartzell without a rebound.
13:43 of 2nd period - Zack Phillips wins face-off versus Nathan Horton in Bulldogs zone.
14:18 of 2nd period - B.J. Crombeen is hit by Ryan Reaves and loses puck.
14:49 of 2nd period - Slapshot by Nathan Horton.
14:49 of 2nd period - Shot Misses the Net.
14:51 of 2nd period - Snap shot by Patrick Dwyer.
14:51 of 2nd period - Shot Misses the Net.
14:53 of 2nd period - Slapshot by Reece Scarlett.
14:53 of 2nd period - Shot Blocked by Zach Miskovic.
14:55 of 2nd period - Backhand shot by Mark Olver.
14:55 of 2nd period - Shot Blocked by Ryan Sproul.
15:05 of 2nd period - Snap shot by Mark Olver.
15:05 of 2nd period - Stopped by Tyler Bunz with a rebound.
15:07 of 2nd period - Snap shot by Patrick Dwyer.
15:07 of 2nd period - Shot Misses the Net.
15:17 of 2nd period - Ryan Carter is hit by Brian Gibbons and loses puck.
15:28 of 2nd period - Snap shot by Jeremy Morin.
15:28 of 2nd period - Shot Blocked by Jordan Leopold.
15:30 of 2nd period - Slapshot by Maxime Fortunus.
15:30 of 2nd period - Stopped by Eric Hartzell with a rebound.
15:32 of 2nd period - Snap shot by Joakim Nordstrom.
15:32 of 2nd period - Deflect By Jeremy Morin.
15:32 of 2nd period - Shot Blocked by Ryan Whitney.
15:32 of 2nd period - Puck is out of play.
15:33 of 2nd period - Tim Kennedy wins face-off versus Jeremy Morin in Bulldogs zone.
16:03 of 2nd period - B.J. Crombeen is hit by Jeremy Morin and loses puck.
16:31 of 2nd period - Slapshot by Derek Smith.
16:31 of 2nd period - Deflect By Mark Stone.
16:31 of 2nd period - Goal by Derek Smith - Bulldogs : 4 - Rivermen : 1.
16:31 of 2nd period - Jared Coreau enters game.
16:32 of 2nd period - Ryan Carter wins face-off versus Joe Whitney in neutral zone.
16:40 of 2nd period - Joe Piskula is hit by Ryan Whitney and loses puck.
16:59 of 2nd period - Wrist shot by Mark Stone.
16:59 of 2nd period - Stopped by Eric Hartzell without a rebound.
17:00 of 2nd period - Mark Olver wins face-off versus Joakim Nordstrom in Bulldogs zone.
17:22 of 2nd period - Snap shot by Jeremy Morin.
17:22 of 2nd period - Deflect By Joakim Nordstrom.
17:22 of 2nd period - Shot Misses the Net.
17:22 of 2nd period - Puck is out of play.
17:23 of 2nd period - Zack Phillips wins face-off versus Tim Kennedy in Bulldogs zone.
17:40 of 2nd period - Snap shot by Joe Whitney.
17:40 of 2nd period - Stopped by Eric Hartzell with a rebound.
17:42 of 2nd period - Slapshot by Ryan Sproul.
17:42 of 2nd period - Deflect By Mark Stone.
17:42 of 2nd period - Shot Misses the Net.
17:42 of 2nd period - Puck is out of play.
17:43 of 2nd period - Tim Kennedy wins face-off versus Zack Phillips in Bulldogs zone.
17:43 of 2nd period - Tim Kennedy is hit by Zack Phillips.
17:55 of 2nd period - Ryan Sproul is hit by Tomas Jurco and loses puck.
18:22 of 2nd period - B.J. Crombeen is hit by Brian Gibbons and loses puck.
18:54 of 2nd period - Maxime Fortunus is hit by Ryan Whitney and loses puck.
19:05 of 2nd period - Matt Hunwick is hit by Maxime Fortunus.
19:06 of 2nd period - Matt Hunwick from Bulldogs is injured at 19:06 of 2nd period (Torso).
19:07 of 2nd period - Brian Gibbons wins face-off versus Mark Olver in Bulldogs zone.
19:28 of 2nd period - Snap shot by Nathan Horton.
19:28 of 2nd period - Shot Blocked by Ryan Sproul.
Goals for this period are 3 for Bulldogs vs 1 for Rivermen.
Shots for this period are 12 for Bulldogs vs 16 for Rivermen.

3rd period


0:01 of 3rd period - Mark Olver wins face-off versus Brian Gibbons in neutral zone.
0:03 of 3rd period - Off-side.
0:04 of 3rd period - Brian Gibbons wins face-off versus Mark Olver in neutral zone.
0:15 of 3rd period - Snap shot by Patrick Dwyer.
0:15 of 3rd period - Deflect By Mark Olver.
0:15 of 3rd period - Stopped by Jared Coreau with a rebound.
0:21 of 3rd period - Wrist shot by Brian Gibbons.
0:21 of 3rd period - Stopped by Eric Hartzell with a rebound.
0:23 of 3rd period - Wrist shot by Ryan Reaves.
0:23 of 3rd period - Shot Misses the Net.
0:47 of 3rd period - Minor Penalty to Ryan Whitney for Hooking.
0:48 of 3rd period - Joe Whitney wins face-off versus Nathan Horton in Bulldogs zone.
1:15 of 3rd period - Backhand shot by Joe Whitney.
1:15 of 3rd period - Shot Blocked by Nathan Horton.
1:41 of 3rd period - Patrick Dwyer is hit by Brian Gibbons and loses puck.
1:58 of 3rd period - Wrist shot by Brian Gibbons.
1:58 of 3rd period - Deflect By Derek Smith.
1:58 of 3rd period - Stopped by Eric Hartzell without a rebound.
1:59 of 3rd period - Brian Gibbons wins face-off versus B.J. Crombeen in Bulldogs zone.
2:47 of 3rd period - Penalty to Ryan Whitney is over, Ryan Whitney is back on ice.
3:04 of 3rd period - Wrist shot by Joakim Nordstrom.
3:04 of 3rd period - Shot Blocked by Ryan Carter.
3:24 of 3rd period - Joakim Nordstrom is hit by Brandon Yip and loses puck.
4:17 of 3rd period - Wrist shot by Jean-Francois Jacques.
4:17 of 3rd period - Shot Hit the Post.
4:29 of 3rd period - Minor Penalty to Cody Goloubef for Holding.
4:30 of 3rd period - Tomas Jurco wins face-off versus J.T. Brown in Rivermen zone.
6:29 of 3rd period - Penalty to Cody Goloubef is over, Cody Goloubef is back on ice.
7:01 of 3rd period - Joakim Nordstrom is hit by Ryan Carter and loses puck.
7:37 of 3rd period - Slapshot by Joe Whitney.
7:37 of 3rd period - Stopped by Eric Hartzell with a rebound.
8:38 of 3rd period - Joe Whitney is hit by Tomas Jurco and loses puck.
8:45 of 3rd period - Steven Kampfer is hit by Zack Phillips and loses puck.
9:04 of 3rd period - Wrist shot by Jeremy Morin.
9:04 of 3rd period - Stopped by Eric Hartzell without a rebound.
9:05 of 3rd period - Joakim Nordstrom wins face-off versus Nathan Horton in Bulldogs zone.
10:12 of 3rd period - Wrist shot by Brian Gibbons.
10:12 of 3rd period - Shot Blocked by Patrick Kaleta.
10:44 of 3rd period - Wrist shot by Tomas Jurco.
10:44 of 3rd period - Shot Misses the Net.
11:10 of 3rd period - Slapshot by Ryan Sproul.
11:10 of 3rd period - Shot Misses the Net.
11:38 of 3rd period - Snap shot by Patrick Dwyer.
11:38 of 3rd period - Goal by Patrick Dwyer - Bulldogs : 5 - Rivermen : 1.
11:39 of 3rd period - Tim Kennedy wins face-off versus Brian Gibbons in neutral zone.
12:00 of 3rd period - Ryan Whitney is hit by John Lee and loses puck.
13:13 of 3rd period - Slapshot by Jordan Leopold.
13:13 of 3rd period - Shot Misses the Net.
13:30 of 3rd period - Jordan Leopold is hit by Colton Sissons and loses puck.
13:41 of 3rd period - Minor Penalty to Cody Goloubef for Hooking.
13:42 of 3rd period - Mark Olver wins face-off versus J.T. Brown in Rivermen zone.
14:14 of 3rd period - John Lee is hit by Ryan Whitney and loses puck.
14:23 of 3rd period - Snap shot by Patrick Dwyer.
14:23 of 3rd period - Shot Misses the Net.
14:52 of 3rd period - Snap shot by Tomas Jurco.
14:52 of 3rd period - Stopped by Jared Coreau with a rebound.
14:54 of 3rd period - Slapshot by B.J. Crombeen.
14:54 of 3rd period - Goal by B.J. Crombeen - Bulldogs : 6 - Rivermen : 1.
14:55 of 3rd period - Zack Phillips wins face-off versus Trevor Smith in neutral zone.
15:42 of 3rd period - Reece Scarlett is hit by Jeremy Morin and loses puck.
15:49 of 3rd period - Trevor Smith is hit by Joakim Nordstrom and loses puck.
16:34 of 3rd period - Colton Sissons is hit by Tim Kennedy and loses puck.
16:49 of 3rd period - Steven Kampfer is hit by Colton Sissons and loses puck.
18:02 of 3rd period - Icing by Jeremy Morin.
18:03 of 3rd period - Tim Kennedy wins face-off versus Joakim Nordstrom in Rivermen zone.
19:13 of 3rd period - Ryan Sproul is hit by Jean-Francois Jacques and loses puck.
19:36 of 3rd period - Joe Whitney is hit by Derek Smith and loses puck.
19:57 of 3rd period - Slapshot by Tomas Jurco.
19:57 of 3rd period - Shot Hit the Post.
Goals for this period are 2 for Bulldogs vs 0 for Rivermen.
Shots for this period are 4 for Bulldogs vs 4 for Rivermen.


Output by the SimonT Hockey Simulator (STHS) for Eric Dolegowski -- Original Page W3C XHTML 1.0 Valid
Hockey Simulator - Hockey Simulation - Hockey Manager